 Dungeon Crawl Stone Soup version 0.30-a0-422-g946f4849ff (webtiles) character file.

Game seed: 14180678853623933752

135 McMuffin the Magician (level 4, -10/36 HPs)
             Began as a Demigod Wanderer on Dec 8, 2022.
             Mangled by an ogre
             ... wielding a +0 giant club
              (17 damage)
             ... on level 3 of the Dungeon.
             The game lasted 00:11:45 (1272 turns).

McMuffin the Magician (Demigod Wanderer)            Turns: 1272, Time: 00:11:45

Health: -10/36     AC:  6    Str: 11    XL:     4   Next: 65%
Magic:  20/20      EV:  8    Int: 16    God:
Gold:   123        SH:  0    Dex: 17    Spells: 8/9 levels left

rFire   . . .      SeeInvis .    a - +2 short sword
rCold   . . .      Faith    .    (no shield)
rNeg    . . .      Spirit   .    b - +0 scale mail
rPois   .          Reflect  .    (no helmet)
rElec   .          Harm     .    (no cloak)
rCorr   .          Rampage  .    (no gloves)
Will    .....                    (no boots)
Stlth   ..........               (no amulet)
HPRegen 0.26/turn                k - ring of magical power
MPRegen 0.17/turn                m - +4 ring of slaying

@: no status effects
A: high MP 1, forlorn, divine attributes
a: no special abilities


You were on level 3 of the Dungeon.
You visited 1 branch of the dungeon, and saw 4 of its levels.

You collected 123 gold pieces.

Inventory:

Hand Weapons
 a - a +2 short sword (weapon)
Missiles
 e - 14 poisoned darts
 h - 3 boomerangs (quivered)
Armour
 b - a +0 scale mail (worn)
Jewellery
 k - a ring of magical power (left hand)
 m - a +4 ring of slaying (right hand)
Scrolls
 f - a scroll of fear {unknown}
 g - a scroll of teleportation {unknown}
 j - a scroll of identify {unknown}
Potions
 c - a potion of attraction
 d - 2 potions of curing {unknown}
 l - a potion of heal wounds {unknown}
 n - 2 potions of haste {unknown}


   Skills:
 + Level 2.2 Fighting
 + Level 2.6 Short Blades
 + Level 1.0 Throwing
 + Level 3.1 Armour
 + Level 0.1 Dodging
 + Level 0.1 Stealth
 + Level 3.3 Spellcasting
 + Level 1.5 Translocations


You had 8 spell levels left.
You knew the following spells:

 Your Spells              Type           Power      Damage    Failure   Level
a - Apportation           Tloc           14%        N/A       47%         1

Your spell library contained the following spells:

 Spells                   Type           Power      Damage    Failure   Level
 Teleport Other           Tloc           7%         N/A       85%         3
 Ozocubu's Armour         Ice            2%         N/A       96%         3
 Metabolic Englaciation   Hex/Ice        1%         N/A       100%        5
 Simulacrum               Ice/Necr       1%         N/A       100%        6


Dungeon Overview and Level Annotations

Branches:
Dungeon (4/15)
 Temple: D:4-7

Annotations:
D:4 Natasha, Robin


Innate Abilities, Weirdness & Mutations

You have an increased reservoir of magic. (+10% MP)
You shall have no god before yourself.
Your divine heritage dramatically boosts your attributes as you level up.


Message History

The goblin hits you but does no damage. x2
There is a stone staircase leading up here.
You puncture the goblin!
You kill the goblin!
Throw: 3 boomerangs
Press: ? - help, Q - select action, (/) - cycle Shift-Dir - straight line, f - goblin
Aim: a goblin, wielding a +0 club (59% to hit)
You throw a boomerang. The boomerang hits the goblin!
You kill the goblin!
You hit the hobgoblin but do no damage.
The hobgoblin hits you but does no damage.
You hit the hobgoblin.
The hobgoblin is almost dead.
You closely miss the hobgoblin.
The hobgoblin is almost dead.
The hobgoblin hits you but does no damage.
You puncture the hobgoblin!
You kill the hobgoblin!
You barely miss the ogre. The ogre barely misses you.
Robin roars a battlecry!
The hobgoblin goes into a battle-frenzy!
You hit the ogre.
The ogre is lightly wounded.
You hit the ogre.
The ogre is lightly wounded.
The ogre hits you with a +0 giant club!
You hit the ogre.
The ogre is moderately wounded.
The ogre hits you with a +0 giant club.
You climb upwards.
There is a stone staircase leading down here.
You hit the ogre.
The ogre is heavily wounded.
The ogre hits you with a +0 giant club!
* * * LOW HITPOINT WARNING * * *
Okay, then.
As you read the scroll labelled SEIDWE VITI, it crumbles to dust.
You hear the tinkle of a tiny bell.
It was a scroll of butterflies.
The ogre hits you with a +0 giant club!
You die... #########. #@Obbbb... #bbbbbb...

####bb######.
#..bbbb...... ..
#.###b.b####. ..
# #......# ..
#.#.##.# #.
#.#.##.# #.
#.#.##.#########.


You could see an ogre (ally target).

Vanquished Creatures
  A jelly (D:4)
  5 adders
  3 dart slugs
  2 orcs (D:3)
  5 endoplasms
  2 giant cockroaches (D:3)
  4 hobgoblins
  2 jackals (D:2)
  2 quokkas
  2 ball pythons
  3 bats
  4 frilled lizards
  12 goblins
  2 kobolds (D:3)
  2 rats (D:1)
51 creatures vanquished.

Notes
Turn   | Place    | Note
-------+----------+-------------------------------------------
     0 | D:1      | McMuffin the Demigod Wanderer began the quest for the Orb.
     0 | D:1      | McMuffin set off with the following items: a +2 short
                  | sword, a +0 scale mail, a potion of attraction; and the
                  | following spell memorised: Apportation; and the following
                  | spells available to memorise: Teleport Other.
     0 | D:1      | Reached XP level 1. HP: 17/17 MP: 6/6
   512 | D:2      | Reached XP level 2. HP: 24/24 MP: 6/8
   542 | D:2      | Reached XP level 3. HP: 18/29 MP: 10/10
   605 | D:2      | Reached skill level 1 in Translocations
   935 | D:4      | Noticed Natasha
  1074 | D:3      | Reached XP level 4. HP: 35/36 MP: 11/11
  1118 | D:4      | Reached skill level 1 in Throwing
  1118 | D:4      | Noticed Robin
  1118 | D:4      | Noticed an ogre
  1272 | D:3      | Mangled by an ogre

Illustrated notes

Levels and vault maps discovered:
D:1:      psy_arrival_conway, layout_basic
D:2:      layout_loops_cross, hellmonk_ecumenical_altar_slurped_away
D:3:      minmay_thinvault, layout_basic, mainiacjoe_overflow_alcove_2,
          kennysheep_generic_room_4
D:4:      layout_basic, mainiacjoe_overflow_chevrons, uniq_robin, uniq_natasha,
          uniq_duvessa

Skill      XL: |  1  2  3  4 |
---------------+-------------+-----
Spellcasting   | 3 |  3.3
Short Blades   | 2 |  2.6
Fighting       | 2 |  2.2
Armour         | 3 |  3.1
Translocations | 1 |  1.5
Throwing       | 1 |  1.0
Dodging        | |  0.1
Stealth        | |  0.1

Action                   |  1- 3 |  4- 6 || total
-------------------------+-------+-------++-------
Melee: Short sword       |   163 |    15 ||   178
       Punch             |     3 |       ||     3
Throw: Boomerang         |    12 |    11 ||    23
 Cast: Apportation       |     9 |       ||     9
  Use: Scroll            |       |     1 ||     1
Armor: Scale mail        |    65 |    16 ||    81
Dodge: Dodged            |    74 |    11 ||    85

Table legend: (Time is in decaauts)
 A = Elapsed time spent in this place.
 B = Non-inter-level travel time spent in this place.
 C = Inter-level travel time spent in this place.
 D = Time resting spent in this place.
 E = Time spent auto-exploring this place.
 F = Levels seen in this place.
 G = Mean time per level.
                   A        B        C        D        E       F      G
               +--------+--------+--------+--------+--------+-----+--------+
         Total |   1270 |   1270 |      0 |    119 |      0 |   4 |  317.5 |
       Dungeon |   1270 |   1270 |      0 |    119 |      0 |   4 |  317.5 |
               +--------+--------+--------+--------+--------+-----+--------+

Top non-repeatable levels by time:
     D:3: 566 daAuts
     D:1: 461 daAuts
     D:2: 153 daAuts
     D:4: 88 daAuts
